Description

Marine fast expand into 3CC before extra production. No Reapers.

Replay - ByuN v Cyan: Game 1 - Lightshade LE

Build Order

Get SALT Encoding   

  12  0:00  SCV  
  13  0:12  SCV  
  14  0:17  Supply Depot  
  14  0:24  SCV  
  15  0:38  SCV  
  15  0:39  Barracks  
  16  0:42  Refinery  
  16  0:50  SCV  
  17  1:03  SCV  
  18  1:15  SCV  
  19  1:25  Marine  
  19  1:27  Orbital Command  
  20  1:38  Command Center  
  20  1:44  Barracks Reactor  
  20  1:48  Supply Depot  
  20  1:52  SCV  
  21  2:04  SCV  
  22  2:19  Command Center  
  22  2:21  Marine x2  
  22  2:22  SCV  
  25  2:31  Barracks  
  25  2:38  Marine x2  
  28  2:49  Orbital Command  
  29  2:56  Marine x2  
  31  3:04  Engineering Bay  
  32  3:14  Marine x2  
  32  3:17  Barracks Tech Lab  
  37  3:30  Missile Turret  
  37  3:31  Terran Infantry Weapons Level 1  
  37  3:34  Orbital Command  
  40  3:41  Marine  
  41  3:53  Bunker  
  44  4:03  Stimpack  
  44  4:06  Marauder  
  47  4:12  Barracks  
  51  4:27  Supply Depot  
  51  4:28  Marauder  
  51  4:30  Factory  
  54  4:37  Refinery x2  
  61  4:49  Marauder  
  61  4:50  Supply Depot  
  61  4:52  Missile Turret  
  66  5:01  Barracks Tech Lab  
  66  5:05  Refinery  
  67  5:12  Supply Depot  
  67  5:14  Starport  
  68  5:15  Factory Reactor  
  71  5:24  Combat Shield  
  71  5:27  Marauder x2  
  77  5:33  Orbital Command  
  79  5:44  Terran Infantry Armor Level 1  
  80  5:55  Barracks x2  
  80  5:56  Marauder  
  81  6:02  Factory Reactor  
  81  6:03  Medivac x2  
  89  6:18  Concussive Shells, Marauder x2  
  92  6:35  Medivac x2  
  92  6:39  Marauder x2  
  102  6:50  Barracks Tech Lab  
  102  6:52  Armory  
  104  6:54  Engineering Bay  
  104  6:56  Refinery x2  
  112  7:12  Widow Mine x2  
  128  7:38  Missile Turret  
  128  7:40  Medivac x2  
  132  7:46  Terran Infantry Armor Level 2  
  132  7:50  Widow Mine x2  
  140  7:52  Terran Infantry Weapons Level 2  
  140  7:57  Ghost Academy  
  141  8:01  Missile Turret  
  141  8:03  Barracks Reactor  
  143  8:11  Widow Mine x2  
  149  8:33  Widow Mine x2  
  138  8:53  Medivac x2  
  138  8:54  Widow Mine x2  
  153  9:29  Terran Ship Weapons Level 1  
  153  9:30  Enhanced Shockwaves  
  157  9:41  Command Center  
  157  9:57  Command Center  
Spawning Tool Build Advisor. Get it on Overwolf

Analysis

This build is extremely greedy on economy, but can survive most things. The trickiest thing about this variation is the lack of reapers. Not exactly sure how you're supposed to scout and respond to certain things. GLHF

Go to:

Details

  • Created by: Zarmoxis
  • Published on: Jun 20, 2021
  • Modified on: Jun 20, 2021
  • Patch: 4.11.0
  • Difficulty: Hard
Show
View Real Time Build Order
Export as new Build Order

Comments (0)

There are no comments. Be the first!

Create an account to comment!